Map: Newkirk Precinct TE (Void)

Players

ColonelCrazy

  • Race: Protoss Protoss
  • League: Platinum
  • Spawn Location: 7:00

Fropez - Winner!

  • Race: Protoss Protoss
  • League: Platinum
  • Spawn Location: 5:00

VOD

Have the link to the VOD?

Description

Time

  • Played on: Jan. 28, 2017, 10:56 a.m.
  • Length: 11:34
Show
View Real Time Build Order
Export as new Build Order

ColonelCrazy Protoss 

Build Orders: 1 Gate Expand 

Get SALT Encoding   

  12  0:05  Probe (Chrono Boost)  
  13  0:15  Probe (Chrono Boost)  
  14  0:23  Pylon  
  14  0:28  Probe (Chrono Boost)  
  15  0:41  Probe (Chrono Boost)  
  16  0:43  Gateway  
  16  0:52  Assimilator  
  16  0:53  Probe (Chrono Boost)  
  17  1:03  Probe (Chrono Boost)  
  18  1:23  Probe (Chrono Boost)  
  19  1:29  Nexus  
  19  1:44  Probe (Chrono Boost)  
  20  1:50  Cybernetics Core  
  20  1:55  Pylon  
  20  2:06  Probe (Chrono Boost)  
  21  2:13  Assimilator  
  21  2:17  Probe (Chrono Boost)  
  22  2:23  Pylon  
  22  2:28  Warp Gate  
  22  2:29  Stalker  
  24  2:31  Mothership Core (Chrono Boost)  
  26  2:49  Probe (Chrono Boost)  
  27  2:53  Gateway  
  27  2:55  Probe (Chrono Boost)  
  28  3:14  Twilight Council  
  28  3:19  Robotics Facility  
  28  3:23  Probe x2 (Chrono Boost)  
  29  3:38  Stalker  
  29  3:43  Sentry  
  33  3:51  Probe x2 (Chrono Boost)  
  33  3:52  Assimilator  
  35  4:05  Probe x2 (Chrono Boost)  
  35  4:06  Observer  
  40  4:17  Probe x2 (Chrono Boost)  
  40  4:19  Assimilator  
  40  4:21  Pylon, Blink  
  40  4:29  Probe x2 (Chrono Boost)  
  42  4:34  Pylon  
  42  4:37  Gateway  
  42  4:49  Immortal  
  45  5:13  Stalker x2  
  49  5:18  Gateway  
  49  5:21  Pylon  
  49  5:37  Stalker  
  53  5:58  Probe x2 (Chrono Boost)  
  49  6:10  Probe x2 (Chrono Boost)  
  47  6:18  Zealot  
  47  6:19  Zealot  
  47  6:22  Probe (Chrono Boost)  
  47  6:23  Probe (Chrono Boost)  
  44  6:53  Zealot  
  47  6:54  Probe x2 (Chrono Boost), Zealot, Stalker  
  47  6:55  Stalker  
  53  7:06  Probe x2 (Chrono Boost)  
  55  7:12  Charge  
  55  7:14  Nexus  
  55  7:18  Probe x2 (Chrono Boost)  
  59  7:30  Probe (Chrono Boost)  
  59  7:31  Probe (Chrono Boost)  
  59  7:41  Robotics Facility  
  57  7:45  Robotics Facility  
  45  7:55  Probe x2 (Chrono Boost)  
  41  8:07  Probe (Chrono Boost)  
  41  8:12  Probe (Chrono Boost)  
  41  8:19  Probe (Chrono Boost)  
  42  8:24  Probe (Chrono Boost)  
  43  8:28  Stalker  
  43  8:31  Probe (Chrono Boost)  
  46  8:36  Probe (Chrono Boost)  
  47  8:50  Probe x2 (Chrono Boost)  
  47  8:53  Stalker x2  
  49  9:16  Pylon  
  47  9:29  Probe x2 (Chrono Boost)  
  49  9:37  Forge  
  49  9:40  Forge  
  49  9:59  Stalker x2  
  53  10:00  Zealot  
  53  10:05  Probe (Chrono Boost)  
  53  10:06  Probe (Chrono Boost)  
  57  10:08  Probe (Chrono Boost)  
  56  10:55  Probe x2 (Chrono Boost), Immortal  
  57  11:06  Probe (Chrono Boost)  
  57  11:07  Probe (Chrono Boost)  
  45  11:20  Probe x2 (Chrono Boost)  
Show
View Real Time Build Order
Export as new Build Order

Fropez Protoss - Winner!

Build Orders: 1 Gate Expand 

Get SALT Encoding   

  12  0:01  Probe (Chrono Boost)  
  13  0:11  Probe (Chrono Boost)  
  14  0:18  Pylon  
  14  0:24  Probe (Chrono Boost)  
  15  0:36  Probe (Chrono Boost)  
  15  0:38  Gateway  
  16  0:46  Assimilator  
  16  0:47  Probe (Chrono Boost)  
  17  0:59  Probe (Chrono Boost)  
  18  1:10  Probe (Chrono Boost)  
  19  1:34  Nexus  
  19  1:40  Pylon  
  19  1:46  Cybernetics Core  
  18  1:47  Assimilator  
  18  1:48  Probe (Chrono Boost)  
  20  2:08  Probe (Chrono Boost), Gateway  
  20  2:21  Stalker  
  22  2:23  Warp Gate, Mothership Core (Chrono Boost)  
  24  2:33  Pylon  
  24  2:43  Probe (Chrono Boost)  
  25  2:51  Stalker  
  25  2:55  Probe (Chrono Boost)  
  25  2:56  Stalker  
  30  3:01  Probe (Chrono Boost)  
  31  3:17  Robotics Facility  
  31  3:21  Assimilator  
  31  3:23  Probe (Chrono Boost)  
  31  3:25  Probe (Chrono Boost)  
  34  3:35  Probe (Chrono Boost)  
  34  3:37  Pylon  
  34  3:38  Probe (Chrono Boost)  
  35  3:44  Adept  
  37  3:48  Adept  
  39  3:56  Probe (Chrono Boost)  
  39  3:57  Probe (Chrono Boost)  
  41  4:13  Observer  
  42  4:21  Twilight Council  
  42  4:23  Probe (Chrono Boost)  
  44  4:24  Probe (Chrono Boost)  
  44  4:33  Probe (Chrono Boost)  
  44  4:34  Warp Prism  
  44  4:37  Assimilator  
  47  4:49  Adept x2  
  47  4:50  Probe (Chrono Boost)  
  47  4:51  Resonating Glaives, Probe (Chrono Boost)  
  53  4:53  Pylon  
  49  5:10  Probe x2 (Chrono Boost)  
  49  5:11  Gateway  
  49  5:12  Gateway  
  51  5:41  Adept x2  
  56  5:42  Observer  
  56  5:43  Probe (Chrono Boost)  
  56  5:44  Probe (Chrono Boost)  
  58  5:50  Gateway  
  58  5:54  Probe (Chrono Boost)  
  58  5:56  Forge  
  58  5:57  Probe (Chrono Boost)  
  54  6:18  Adept x2  
  54  6:21  Adept x2  
  60  6:49  Adept x2  
  60  6:50  Adept x2  
  60  6:52  Probe (Chrono Boost)  
  66  6:54  Probe (Chrono Boost)  
  66  6:55  Immortal  
  66  7:01  Robotics Facility  
  68  7:03  Probe (Chrono Boost)  
  68  7:05  Pylon  
  68  7:06  Probe (Chrono Boost)  
  70  7:21  Probe (Chrono Boost)  
  70  7:23  Probe (Chrono Boost)  
  70  7:29  Stalker x3  
  77  7:32  Nexus  
  77  7:34  Pylon  
  77  7:36  Pylon  
  77  7:40  Pylon  
  77  7:52  Immortal  
  77  7:56  Protoss Ground Weapons Level 1  
  81  8:00  Blink  
  81  8:03  Stalker x3  
  81  8:04  Stalker  
  89  8:06  Immortal  
  93  8:17  Probe x2 (Chrono Boost)  
  95  8:27  Assimilator  
  95  8:29  Probe (Chrono Boost)  
  95  8:31  Assimilator, Immortal  
  95  8:32  Pylon  
  100  8:38  Pylon  
  98  8:47  Adept x5  
  110  8:48  Probe (Chrono Boost)  
  110  8:50  Probe x2 (Chrono Boost)  
  105  9:19  Forge  
  105  9:21  Pylon, Forge  
  105  9:23  Immortal  
  105  9:24  Immortal  
  111  9:29  Sentry x4  
  119  9:59  Probe (Chrono Boost)  
  122  10:00  Probe x2 (Chrono Boost)  
  122  10:02  Immortal  
  122  10:03  Immortal  
  122  10:06  Gateway  
  130  10:09  Adept x2, Pylon  
  130  10:10  Adept x3  
  130  10:45  Adept x5  
  112  11:24  Stalker x3  
  112  11:25  Stalker x2  
Tags
 
Add a new tag
Caveats
  • Supply blocks, unpowered buildings, or Contaminate may cause inaccurate times.
  • Supply counts are checked every 10 seconds.